 Dungeon Crawl Stone Soup version 0.30-a0-561-g1b0378597e (webtiles) character file.

Game seed: 9984894234512561960

55 Gitty the Trooper (level 3, -5/34 HPs)
             Began as a Minotaur Berserker on Dec 28, 2022.
             Was a Believer of Trog.
             Killed by divine providence
             ... invoked by an orc priest
              (14 damage)
             ... on level 2 of the Dungeon.
             The game lasted 00:05:24 (868 turns).

Gitty the Trooper (Minotaur Berserker)               Turns: 868, Time: 00:05:24

Health: -5/34      AC:  9    Str: 23    XL:     3   Next: 67%
Magic:  2/2        EV:  8    Int:  4    God:    Trog [**....]
Gold:   64         SH:  0    Dex:  9    Spells: 2/2 levels left

rFire   . . .      SeeInvis .    a - +0 hand axe
rCold   . . .      Faith    .    (no shield)
rNeg    . . .      Spirit   .    i - +0 chain mail
rPois   .          Reflect  .    (helmet restricted)
rElec   .          Harm     .    (no cloak)
rCorr   .          Rampage  .    (no gloves)
Will    .....                    (no boots) Stlth
                                 j - amulet of the acrobat
HPRegen 0.25/turn                (no ring)
MPRegen 0.08/turn                (no ring)

@: on berserk cooldown, slowed, very slow
A: horns 2, retaliatory headbutt
a: Renounce Religion, Berserk, Trog's Hand


You were on level 2 of the Dungeon.
You worshipped Trog.
Trog was pleased with you.
You visited 1 branch of the dungeon, and saw 2 of its levels.

You collected 64 gold pieces.

Inventory:

Hand Weapons
 a - a +0 hand axe (weapon)
 e - a +2 short sword of protection
 k - a +4 dagger
Armour
 c - a +0 leather armour
 g - a +2 ring mail of fire resistance
 i - a +0 chain mail (worn)
Jewellery
 j - an amulet of the acrobat (around neck)
Scrolls
 b - 3 scrolls of teleportation {unknown}
 d - a scroll of poison {unknown}
 f - 2 scrolls of identify {unknown}
Potions
 h - 2 potions of heal wounds {unknown}
 l - a potion of lignification {unknown}


   Skills:
 + Level 4.5 Fighting
 + Level 1.0 Short Blades
 + Level 4.2 Axes
 + Level 2.8 Armour
 + Level 2.6 Dodging


You had 2 spell levels left.
You didn't know any spells.
Your spell library was empty.

Dungeon Overview and Level Annotations

Branches:
Dungeon (2/15)

Altars:


Innate Abilities, Weirdness & Mutations

You have a pair of horns on your head.
You reflexively headbutt those who attack you in melee.


Message History

Trog accepts your kill. The orc hits you but does no damage.
You slash the orc!
You kill the orc!
Trog accepts your kill. The orc hits you but does no damage.
The orc priest mumbles some strange prayers to Beogh against you.
Pain shoots through your body!
Items here: ))) [ †††.
You barely miss the orc priest.
You are no longer berserk.
You are exhausted.
You feel yourself slow down.
The orc priest hits you but does no damage.
The orc hits you from afar with a +0 trident.
You are too injured to fight recklessly!
You are too injured to fight recklessly!
You are too injured to fight recklessly!
You are too injured to fight recklessly!
You closely miss the orc priest.
The orc priest looks braver for a moment.
The orc hits you but does no damage.
The orc priest casts a cantrip, but nothing happens.
The orc closely misses you.
You closely miss the orc priest.
The orc priest hits you but does no damage.
The orc barely misses you.
You barely miss the orc priest.
The orc priest hits you with a +0 dagger.
The orc hits you but does no damage.
The orc priest hits you but does no damage.
The orc barely misses you.
You closely miss the orc priest. The orc priest closely misses you.
The orc hits you from afar with a +0 trident.
* * * LOW HITPOINT WARNING * * *
You hit the orc priest. You headbutt the orc priest!
The orc priest is almost dead.
The orc priest mumbles some strange prayers to Beogh against you.
Beogh smites you!
You die...

......# #. ##### $....#
#.. ..... .....##..$
......##....#...
......#........
......#.....#
.#..........# ..
........†...# ..# #
#....o)@#...####.### ..
#.~...~o#............ ..
#.......#..##...........
#.......#...............
#.......#..............#
#.~...~.#...............
#.......#...............
##.....##...............
##...............


You could see an orc priest and an orc.

Vanquished Creatures
  An adder (D:2)
  4 dart slugs
  6 orcs (D:2)
  An endoplasm (D:2)
  A giant cockroach (D:2)
  3 goblins
  2 hobgoblins (D:1)
  3 jackals (D:2)
  A quokka (D:1)
  3 ball pythons (D:1)
  A bat (D:1)
  2 kobolds (D:1)
  3 rats
31 creatures vanquished.

Vanquished Creatures (others)
  3 plants (D:1)
3 creatures vanquished.

Grand Total: 34 creatures vanquished

Notes
Turn   | Place    | Note
-------+----------+-------------------------------------------
     0 | D:1      | Gitty the Minotaur Berserker began the quest for the Orb.
     0 | D:1      | Reached XP level 1. HP: 19/19 MP: 0/0
   168 | D:1      | Reached XP level 2. HP: 27/27 MP: 1/1
   755 | D:2      | Reached XP level 3. HP: 30/33 MP: 2/2
   835 | D:2      | Reached ** piety under Trog
   839 | D:2      | Reached skill level 1 in Short Blades
   868 | D:2      | Killed from afar by an orc priest

Illustrated notes

Levels and vault maps discovered:
D:1:      eino_arrival_tree_alley, layout_basic, serial_bayou_lake_a
D:2:      cheibrodos_pilgrimage, layout_basic, basic_altar,
          hangedman_decor_push, minmay_nonomino_d4

Skill      XL: |  1  2  3 |
---------------+----------+-----
Fighting       | 4 |  4.5
Axes           | 4 |  4.2
Short Blades   | 1 |  1.0
Armour         | |  2.8
Dodging        | |  2.6

Action                   || total
-------------------------++-------
Melee: Short sword       ||    15
       Hand axe          ||    50
       Headbutt          ||    11
       Punch             ||     1
Invok: Berserk           ||     1
Armor: Leather armour    ||     6
       Chain mail        ||    22
Dodge: Dodged            ||    31

Table legend: (Time is in decaauts)
 A = Elapsed time spent in this place.
 B = Non-inter-level travel time spent in this place.
 C = Inter-level travel time spent in this place.
 D = Time resting spent in this place.
 E = Time spent auto-exploring this place.
 F = Levels seen in this place.
 G = Mean time per level.
                   A        B        C        D        E       F      G
               +--------+--------+--------+--------+--------+-----+--------+
         Total |    897 |    868 |     29 |    100 |    432 |   2 |  448.5 |
       Dungeon |    897 |    868 |     29 |    100 |    432 |   2 |  448.5 |
               +--------+--------+--------+--------+--------+-----+--------+

Top non-repeatable levels by time:
     D:1: 693 daAuts
     D:2: 203 daAuts
